 Dungeon Sprint DCSS version 0.31-a0-986-g5e6e4ef867 (webtiles) character file.

Game seed: 1866068764573341866

242 sircluck the Ruffian (level 5, -7/59 HPs)
             Began as a Troll Berserker on Nov 13, 2023.
             Was an Elder of Trog.
             Mangled by a two-headed ogre
             ... wielding a +0 giant club
              (13 damage)
             ... in the Dungeon (Sprint IX: "|||||||||||||||||||||||||||||").
             The game lasted 00:00:28 (98 turns).

sircluck the Ruffian (Troll Berserker)                Turns: 98, Time: 00:00:29

Health: -7/59      AC:  6    Str: 30    XL:     5   Next: 82%
Magic:  4/4        EV: 11    Int:  3    God:    Trog [****..]
Gold:   0          SH:  0    Dex:  9    Spells: 4/4 levels left

rFire   . .          .
                       - Unarmed
rCold   . . .        (no shield)
rNeg    . . .        a - +0 animal skin
rPois   .            (helmet restricted)
rElec   .            (no cloak)
rCorr   .            (gloves unavailable)
SInv    .            (boots unavailable)
Will    .....        (no amulet)
Stlth   +            j - +2 ring of protection
HPRegen 1.09/turn    k - +3 ring of strength
MPRegen 0.09/turn

%: no teleportation
@: lethally poisoned (-7 -> -8)
A: large, unfitting armour, claws 3, regeneration 1, shaggy fur 1, tough skin 1
a: Renounce Religion, Berserk, Trog's Hand, Brothers in Arms


You were in the Dungeon.
You worshipped Trog.
Trog was greatly pleased with you.
You visited 1 branch

Inventory:

Armour
 a - a +0 animal skin (worn)
Jewellery
 j - a +2 ring of protection (left claw)
 k - a +3 ring of strength (right claw)
Wands
 i - a wand of light (10)
Scrolls
 g - 2 scrolls of blinking
Potions
 b - 5 potions of curing
 c - 3 potions of heal wounds
 d - a potion of haste
 e - 4 potions of magic
 f - a potion of berserk rage
 h - a potion of invisibility


   Skills:
 + Level 5.8 Fighting
 + Level 4.0 Armour
 + Level 5.8 Dodging
 + Level 7.0 Unarmed Combat


You had 4 spell levels left.
You didn't know any spells.
Your spell library was empty.

Dungeon Overview and Level Annotations

Branches:
Dungeon (1/1)

Altars:
Cheibriados
Dithmenos
Elyvilon
Fedhas
Gozag
Hepliaklqana
Kikubaaqudgha
Makhleb
Nemelex Xobeh
Okawaru
Qazlal
Ru
Sif Muna
Trog
Uskayaw
Vehumet
Wu Jian
Xom
Yredelemnul
Zin
The Shining One
Jiyva
Lugonu


Innate Abilities, Weirdness & Mutations

You are too large for most types of armour.
You have claws for hands.
Your natural rate of healing is unusually fast.
You are covered in fur. (AC +1)
You have tough skin. (AC +1)


Message History

You open the door.
An acid dragon, a vampire, a two-headed ogre, 2 orc wizards and a killer bee come into view.
The orc wizard shouts!
The acid dragon roars!
The two-headed ogre shouts in stereo!
The orc wizard shouts!
The killer bee buzzes angrily.
The killer bee stings you!
You are poisoned.
The killer bee poisons you!
Unknown command.
You claw the killer bee!
You kill the killer bee!
Trog accepts your kill.
You can now call in reinforcements.
You feel sick.
Your Armour skill increases to level 4!
Your Unarmed Combat skill increases to level 7!
Unknown command.
Unknown command.
You scratch the orc wizard.
The orc wizard is lightly wounded.
You feel sick.
The vampire mumbles some strange words.
The vampire flickers and vanishes!
Deactivating autopickup; reactivate with Ctrl-A.
You claw the two-headed ogre!
The two-headed ogre is lightly wounded.
You feel sick.
You claw the two-headed ogre!
The two-headed ogre is moderately wounded.
You feel sick.
The two-headed ogre hits you with a +0 giant club!!
The two-headed ogre hits you with a +0 giant spiked club.
You mangle the two-headed ogre!!
The two-headed ogre is severely wounded.
You feel sick.
You scratch the two-headed ogre.
The two-headed ogre is almost dead.
The two-headed ogre hits you with a +0 giant club!!
* * * LOW HITPOINT WARNING * * *
The two-headed ogre hits you with a +0 giant spiked club!
You die...

▓.▓
▓.▓
▓o▓
▓D▓
▓{▓
▓o▓
▓O▓
▓@▓
▓.▓
▓[▓
▓[▓
▓[▓
▓.▓
▓)▓
▓?▓
▓.▓


You could see a two-headed ogre, an acid dragon and 2 orc wizards.

Vanquished Creatures
  An ogre (D)
  A scorpion (D)
  A killer bee (D)
  A hound (D)
  2 adders (D)
  A dart slug (D)
  A bat (D)
  An endoplasm (D)
  A frilled lizard (D)
  A rat (D)
11 creatures vanquished.

Notes
Turn   | Place    | Note
-------+----------+-------------------------------------------
     0 | D        | sircluck the Troll Berserker began the quest for the Orb.
     0 | D        | Reached XP level 1. HP: 22/22 MP: 0/0
    11 | D        | Reached ** piety under Trog
    22 | D        | Noticed a scorpion
    22 | D        | Noticed an ogre
    22 | D        | Noticed a hound
    25 | D        | Killed a hound
    26 | D        | Reached skill level 4 in Unarmed Combat
    26 | D        | Reached XP level 2. HP: 26/32 MP: 1/1
    26 | D        | Reached XP level 3. HP: 32/39 MP: 2/2
    28 | D        | Reached *** piety under Trog
    31 | D        | Killed an ogre
    32 | D        | Reached skill level 5 in Fighting
    32 | D        | Reached skill level 5 in Dodging
    32 | D        | Reached skill level 6 in Unarmed Combat
    32 | D        | Reached XP level 4. HP: 29/50 MP: 3/3
    38 | D        | Killed a scorpion
    39 | D        | Reached XP level 5. HP: 24/57 MP: 4/4
    48 | D        | Found a snail-covered altar of Cheibriados.
    48 | D        | Found a shadowy altar of Dithmenos.
    48 | D        | Found a white marble altar of Elyvilon.
    48 | D        | Found a blossoming altar of Fedhas.
    48 | D        | Found an opulent altar of Gozag.
    49 | D        | Found a hazy altar of Hepliaklqana.
    50 | D        | Found a viscous altar of Jiyva.
    51 | D        | Found an ancient bone altar of Kikubaaqudgha.
    52 | D        | Found a corrupted altar of Lugonu.
    53 | D        | Found a burning altar of Makhleb.
    54 | D        | Found a sparkling altar of Nemelex Xobeh.
    55 | D        | Found an iron altar of Okawaru.
    56 | D        | Found a stormy altar of Qazlal.
    57 | D        | Found a sacrificial altar of Ru.
    58 | D        | Found a shimmering blue altar of Sif Muna.
    59 | D        | Found a bloodstained altar of Trog.
    60 | D        | Found a hide-covered altar of Uskayaw.
    61 | D        | Found a radiant altar of Vehumet.
    62 | D        | Found an ornate altar of the Wu Jian Council.
    63 | D        | Found a shimmering altar of Xom.
    64 | D        | Found a basalt altar of Yredelemnul.
    65 | D        | Found a glowing silver altar of Zin.
    66 | D        | Found a glowing golden altar of the Shining One.
    92 | D        | Noticed an acid dragon
    92 | D        | Noticed a vampire
    92 | D        | Noticed a two-headed ogre
    93 | D        | Reached **** piety under Trog
    94 | D        | Reached skill level 7 in Unarmed Combat
    98 | D        | Mangled by a two-headed ogre

Illustrated notes

Levels and vault maps discovered:
D:        linesprint [early_d, line_temple, items_1, d_10, items_2, lair_1,
          lair_end, items_3, orc_1, orc_end, items_4, d_15, swamp_1, shoals_1,
          snake_1, spider_1, d_20, vaults_1, items_5, swamp_end, shoals_end,
          snake_end, spider_end, vaults_end, d_27, items_6, zot_1, zot_end,
          crypt_end, forest_end, elf_end, slime_end, tomb_end, abyss_end,
          pan_hell_end]

Skill      XL: |  1  2  3  4  5 |
---------------+----------------+-----
Fighting       | 4 5 |  5.8
Dodging        | 3 5 |  5.8
Unarmed Combat | 4 6 7 |  7.0
Armour         | 2 3 4 |  4.0

Action                     |  1- 3 |  4- 6 || total
---------------------------+-------+-------++-------
  Melee: Unarmed           |    18 |    17 ||    35
         Punch             |       |     2 ||     2
 Armour: Animal skin       |     9 |    10 ||    19
  Dodge: Dodged            |     6 |     5 ||    11

Table legend: (Time is in decaauts)
 A = Elapsed time spent in this place.
 B = Non-inter-level travel time spent in this place.
 C = Inter-level travel time spent in this place.
 D = Time resting spent in this place.
 E = Time spent auto-exploring this place.
 F = Levels seen in this place.
 G = Mean time per level.
                   A        B        C        D        E       F      G
               +--------+--------+--------+--------+--------+-----+--------+
         Total |     93 |     93 |      0 |      0 |      9 |   1 |   93.0 |
       Dungeon |     93 |     93 |      0 |      0 |      9 |   1 |   93.0 |
               +--------+--------+--------+--------+--------+-----+--------+

Top non-repeatable levels by time:
       D: 93 daAuts
